[Event "Titled Tuesday Blitz February 22 Late 2022"]
[White "Fajdetic, Hrvoje"]
[Black "Vine, Elzbieta"]
[WhiteFideId "14501945"]
[BlackFideId "1119320"]
[WhiteElo "2140"]
[BlackElo "1874"]
[Result "1/2-1/2"]
[Round "04"]
[TimeControl "180+1"]
[Date "2022.02.23"]
[WhiteClock "0:01:02"]
[BlackClock "0:00:19"]

1. d4 d5 2. Bf4 Nf6 3. e3 Be6 4. Nf3 Nc6 5. Ng5 Bg4 6. f3 Bf5 7. g4 Bg6 8. h4 h6 9. Nh3 Qd7 10. h5 Bh7 11. Bd3 Bxd3 12. Qxd3 O-O-O 13. Nc3 Nb4 14. Qd2 g5 15. Bg3 Bg7 16. a3 Nc6 17. Nb5 e5 18. dxe5 Ne8 19. O-O-O a6 20. Nd4 Nxe5 21. Rhf1 Nc4 22. Qd3 Ned6 23. Kb1 Rhe8 24. Rfe1 c5 25. Nb3 Nxb2 26. Qxd5 Nxd1 27. Rxd1 Nb5 28. Qxc5+ Qc6 29. Rxd8+ Rxd8 30. Qf5+ Qd7 31. Qc5+ Qc6 32. Qf5+ Qe6 33. Qc5+ Qc6 1/2-1/2


[Site "https://www.chess.com"]

[Event "Titled Tuesday Blitz February 22 Late 2022"]
[White "Federzoni, Enzo"]
[Black "Sargsyan, Anna M."]
[WhiteFideId "2173301"]
[BlackFideId "13308130"]
[WhiteElo "1956"]
[BlackElo "2271"]
[Result "1/2-1/2"]
[Round "04"]
[TimeControl "180+1"]
[Date "2022.02.23"]
[WhiteClock "0:00:08"]
[BlackClock "0:00:03"]

1. c4 c6 2. d4 d5 3. cxd5 cxd5 4. Nf3 Nc6 5. Nc3 Nf6 6. e3 Bg4 7. Qb3 Na5 8. Bb5+ Bd7 9. Qa4 Nc6 10. Ne5 Rc8 11. Bd2 e6 12. Bxc6 Bxc6 13. Qxa7 Bd6 14. Nxc6 bxc6 15. Qa4 O-O 16. O-O c5 17. dxc5 Bxc5 18. Rac1 Rb8 19. Qc2 Bd6 20. b3 Rb4 21. h3 Qa8 22. Qd3 h6 23. Rfd1 Rb7 24. e4 Ba3 25. Rc2 dxe4 26. Nxe4 Nd5 27. Qg3 Kh8 28. Bc1 f5 29. Bxa3 Qxa3 30. Nc5 Re7 31. Qe5 Nf6 32. Rcd2 Qa5 33. Nd7 Qxe5 34. Nxe5 Kh7 35. Rd8 Rxd8 36. Rxd8 Ra7 37. Rd2 Ne4 38. Rc2 g5 39. f3 Nf6 40. Kf2 Ra5 41. Nc4 Ra7 42. a4 Nd5 43. Na3 Kg6 44. Nb5 Rb7 45. Rc6 Kf6 46. Rc8 h5 47. Rf8+ Ke7 48. Rh8 Kf6 49. Rxh5 Nf4 50. Rh8 Rd7 51. g3 Nd3+ 52. Ke2 Nc1+ 53. Ke3 Nxb3 54. Rf8+ Kg7 55. Rc8 Kf6 56. Rc7 Rd1 57. Rc3 Nc1 58. a5 Na2 59. Rd3 Re1+ 60. Kf2 Ra1 61. Nc7 Nb4 62. Rb3 Nc6 63. a6 Nd4 64. Rb6 f4 65. gxf4 gxf4 66. a7 Rxa7 67. Rd6 Ra2+ 68. Ke1 Ke5 69. Rd8 Nxf3+ 70. Kd1 Rh2 71. Re8 Rxh3 72. Rxe6+ Kd4 73. Re2 Rh1+ 74. Kc2 Kc4 75. Ne6 Rf1 76. Re4+ Kd5 77. Rxf4 Nd4+ 78. Kd3 Rxf4 79. Nxf4+ 1/2-1/2


[Site "https://www.chess.com"]

[Event "Titled Tuesday Blitz February 22 Late 2022"]
[White "Fiorito, Fabian"]
[Black "Tanenbaum, Zachary"]
[WhiteFideId "100200"]
[BlackFideId "2060850"]
[WhiteElo "2395"]
[BlackElo "2168"]
[Result "0-1"]
[Round "04"]
[TimeControl "180+1"]
[Date "2022.02.23"]
[WhiteClock "0:00:10"]
[BlackClock "0:00:07"]

1. d4 d5 2. Nc3 Nf6 3. Bf4 a6 4. e3 Bf5 5. Bd3 Bg6 6. h4 e6 7. h5 Bxd3 8. Qxd3 h6 9. O-O-O c5 10. e4 cxd4 11. Qxd4 Nc6 12. Qd3 Rc8 13. exd5 Nb4 14. Qf3 Rxc3 15. bxc3 Nxa2+ 16. Kd2 Nxd5 17. Ke1 Naxc3 18. Rd3 Bb4 19. Ne2 Qf6 20. Bd2 Qe5 21. Bxc3 Nxc3 22. Rxc3 O-O 23. Kf1 Bxc3 24. Nxc3 Rc8 25. Nd1 Rxc2 26. g3 b5 27. Kg2 b4 28. Ne3 Rc3 29. Rh4 b3 30. Re4 Qb5 31. Rf4 b2 32. Rxf7 b1=Q 33. Rf8+ Kh7 34. Qf7 Qc6+ 35. f3 Rc2+ 36. Nxc2 Qcxc2+ 37. Kh3 Qh1+ 38. Kg4 Qc4+ 39. f4 Qe2# 0-1


[Site "https://www.chess.com"]

[Event "Titled Tuesday Blitz February 22 Late 2022"]
[White "Garagulya, Konstantin"]
[Black "Ansh M Shah"]
[WhiteFideId "4128931"]
[BlackFideId "25033379"]
[WhiteElo "2329"]
[BlackElo "1819"]
[Result "1/2-1/2"]
[Round "04"]
[TimeControl "180+1"]
[Date "2022.02.23"]
[WhiteClock "0:00:03"]
[BlackClock "0:00:06"]

1. d4 Nf6 2. Nf3 e6 3. Bg5 d5 4. Nbd2 Be7 5. e3 O-O 6. c4 b6 7. cxd5 Nxd5 8. Bxe7 Qxe7 9. Rc1 Bb7 10. a3 Rc8 11. Bb5 a6 12. Bd3 Nd7 13. O-O c5 14. Qe2 b5 15. Ne4 cxd4 16. Nxd4 N7f6 17. h3 Nxe4 18. Bxe4 Nb6 19. Qf3 Bxe4 20. Qxe4 Nc4 21. Rc2 Nd6 22. Nc6 Qf6 23. Qf3 Qxf3 24. gxf3 Kf8 25. Rfc1 Nc4 26. Na5 Nb6 27. Rc6 Rab8 28. Kg2 Rxc6 29. Rxc6 Ke7 30. Rc7+ Kf6 31. Ra7 Nc4 32. Rxa6 Nxb2 33. Nc6 Rb7 34. f4 Nc4 35. Nd4 b4 36. axb4 Rxb4 37. Ra7 Rb2 38. Kg3 Kg6 39. Nc6 Nd6 40. Ne7+ Kh6 41. Kf3 Rb7 42. Rxb7 Nxb7 43. Nc6 Nd6 44. e4 f6 45. Ne7 g6 46. Nc6 Kg7 47. Ke3 Kf7 48. f3 Ke8 49. Nd4 Kd7 50. Kf2 Nc4 51. Kg3 Kd6 52. Kh4 e5 53. Ne2 Nd2 54. Kg3 h6 55. h4 Ke6 56. Kg4 Nf1 57. f5+ gxf5+ 58. exf5+ Kd5 59. Kh5 Nh2 60. Kxh6 Nxf3 61. h5 Ke4 62. Kg6 Nh4+ 63. Kxf6 Nxf5 64. Kg6 Nh4+ 65. Kg5 Nf3+ 66. Kg6 Nh4+ 67. Kg7 Nf5+ 68. Kf6 Nh4 69. Ng3+ Kf3 70. Kg5 Kxg3 71. h6 e4 72. h7 e3 73. h8=Q Nf3+ 74. Kf5 e2 75. Qg7+ Kf2 76. Qa7+ Kf1 77. Qa1+ Kf2 78. Qa7+ Kg2 79. Qe3 e1=Q 80. Qxe1 Nxe1 1/2-1/2


[Site "https://www.chess.com"]

[Event "Titled Tuesday Blitz February 22 Late 2022"]
[White "Gatterer, Florian"]
[Black "Winkels, Marcel"]
[WhiteFideId "811688"]
[BlackFideId "1003887"]
[WhiteElo "2218"]
[BlackElo "1900"]
[Result "1-0"]
[Round "04"]
[TimeControl "180+1"]
[Date "2022.02.23"]
[WhiteClock "0:00:14"]
[BlackClock "0:01:01"]

1. f4 g6 2. Nf3 Bg7 3. e4 c5 4. d3 d6 5. Be2 e6 6. O-O Nc6 7. c3 Nge7 8. Be3 O-O 9. d4 cxd4 10. cxd4 d5 11. e5 Nf5 12. Bf2 Qb6 13. Qd2 Bd7 14. Nc3 Rac8 15. Na4 Qb4 16. Qxb4 Nxb4 17. Nc5 Bc6 18. a3 Na6 19. Nxa6 bxa6 20. Bxa6 Rb8 21. Rfc1 Bb5 22. Bxb5 Rxb5 23. g4 Ne7 24. Rc7 Nc8 25. b4 a5 26. Be1 axb4 27. axb4 Nb6 28. Rb7 Rc8 29. Ra6 Rc6 30. Ng5 Bf8 31. Nxf7 Bxb4 32. Nh6+ Kh8 33. Bh4 Bf8 34. Bf6+ 1-0


[Site "https://www.chess.com"]

[Event "Titled Tuesday Blitz February 22 Late 2022"]
[White "Gimenez Aguirre, Alejo Ismael"]
[Black "Willathgamuwa, Kevin"]
[WhiteFideId "32041667"]
[BlackFideId "3214168"]
[WhiteElo "2031"]
[BlackElo "1943"]
[Result "1/2-1/2"]
[Round "04"]
[TimeControl "180+1"]
[Date "2022.02.23"]
[WhiteClock "0:01:42"]
[BlackClock "0:01:48"]

1. e4 g6 2. d4 Bg7 3. Nc3 c5 4. Nf3 cxd4 5. Nxd4 Nc6 6. Be3 Nf6 7. Be2 a6 8. Nxc6 dxc6 9. Qxd8+ Kxd8 10. Bb6+ Ke8 11. O-O-O Be6 12. f4 Nd7 13. Be3 Bxc3 14. bxc3 Bxa2 15. c4 b5 16. Bd4 f6 17. Kb2 Bxc4 18. Bxc4 bxc4 19. Kc3 e5 20. Be3 Ke7 21. Rd2 Rhd8 22. Rb1 Rab8 23. Ra1 Ra8 24. Rb1 Rab8 25. Ra1 Ra8 26. Rb1 1/2-1/2


[Site "https://www.chess.com"]

[Event "Titled Tuesday Blitz February 22 Late 2022"]
[White "Goltsev, Dmitry"]
[Black "Abdrlauf, Elham"]
[WhiteFideId "24176710"]
[BlackFideId "1533533"]
[WhiteElo "2273"]
[BlackElo "2334"]
[Result "0-1"]
[Round "04"]
[TimeControl "180+1"]
[Date "2022.02.22"]
[WhiteClock "0:00:13"]
[BlackClock "0:00:41"]

1. e4 c6 2. d4 d5 3. Nc3 dxe4 4. Nxe4 Nf6 5. Nxf6+ exf6 6. c3 Bd6 7. Bd3 O-O 8. Qc2 Re8+ 9. Be3 h5 10. O-O-O Nd7 11. h3 Nf8 12. g4 Be6 13. c4 Qa5 14. a3 b5 15. Ne2 bxc4 16. Bxc4 Rab8 17. Bxe6 Nxe6 18. Qc3 Qd5 19. gxh5 Rb3 20. Qc2 Reb8 21. Nc3 Qc4 22. Rd2 Bxa3 23. Nb1 Bxb2+ 24. Kd1 Bc3 25. Nxc3 Rxc3 26. Qa2 Qxa2 27. Rxa2 Rxe3 28. fxe3 Rb1+ 29. Kd2 Rxh1 30. Rxa7 Rxh3 31. Ra6 Rxh5 32. Rxc6 Ra5 33. Kd3 g5 34. Ke4 g4 35. d5 Ng5+ 36. Kf4 Rxd5 37. Rxf6 g3 38. e4 g2 39. exd5 g1=Q 40. Rf5 Nh3+ 41. Ke5 Qe3+ 42. Kf6 Kf8 43. Rh5 Qf4+ 44. Rf5 Qd6# 0-1


[Site "https://www.chess.com"]

[Event "Titled Tuesday Blitz February 22 Late 2022"]
[White "Golubka, Petro"]
[Black "Melian, Juan Sebastian"]
[WhiteFideId "14114224"]
[BlackFideId "3706575"]
[WhiteElo "2392"]
[BlackElo "1842"]
[Result "1-0"]
[Round "04"]
[TimeControl "180+1"]
[Date "2022.02.23"]
[WhiteClock "0:01:09"]
[BlackClock "0:00:09"]

1. e4 c6 2. d4 d5 3. e5 Bf5 4. Nd2 e6 5. Ngf3 h6 6. c4 Nd7 7. Be2 Ne7 8. O-O g5 9. a3 Bg7 10. b4 O-O 11. Bb2 f6 12. exf6 Bxf6 13. h3 Ng6 14. g4 Be4 15. Nxe4 dxe4 16. Nd2 Nf4 17. Kh2 Qc7 18. Kh1 Nxh3 19. Nxe4 Bg7 20. Qd3 Nf4 21. Qe3 e5 22. d5 cxd5 23. cxd5 Nxd5 24. Qb3 Nb6 25. Rad1 Qf7 26. Nd6 Qe6 27. Nxb7 Kh8 28. Nc5 Qf7 29. f3 Rae8 30. Ne4 Rd8 31. a4 Na8 32. b5 Qf4 33. Rxd5 Nb6 34. Rxd8 Rxd8 35. a5 Na8 36. b6 axb6 37. a6 Rb8 38. Bc3 Qf8 39. Rd1 Qc8 40. Rd6 b5 41. Kg2 Qc7 42. Bb4 Nb6 43. Qe6 Nc4 44. Rd7 Qc8 45. Qf7 Qg8 46. Qxg8+ Kxg8 47. a7 Ra8 48. Bxc4+ bxc4 49. Bc5 Bf8 50. Nf6+ 1-0


[Site "https://www.chess.com"]

[Event "Titled Tuesday Blitz February 22 Late 2022"]
[White "Golubovskis, Maksims"]
[Black "Kujawski, Adam"]
[WhiteFideId "11608528"]
[BlackFideId "1100920"]
[WhiteElo "2066"]
[BlackElo "2053"]
[Result "0-1"]
[Round "04"]
[TimeControl "180+1"]
[Date "2022.02.23"]
[WhiteClock "0:00:19"]
[BlackClock "0:00:44"]

1. e4 e5 2. Nf3 Nc6 3. d4 exd4 4. Nxd4 Bb4+ 5. c3 Bc5 6. Be3 Bb6 7. Bc4 Nf6 8. Nd2 Ne5 9. Bb3 Nd3+ 10. Ke2 Ne5 11. a4 d5 12. exd5 Nxd5 13. f4 Nxe3 14. Kxe3 Ng4+ 15. Ke2 Bxd4 16. cxd4 Qxd4 17. Nf3 Qe3+ 0-1


[Site "https://www.chess.com"]

[Event "Titled Tuesday Blitz February 22 Late 2022"]
[White "Gomez Ledo, Roberto Carlos"]
[Black "Buscar, Michael"]
[WhiteFideId "3507076"]
[BlackFideId "2603616"]
[WhiteElo "2379"]
[BlackElo "2010"]
[Result "1-0"]
[Round "04"]
[TimeControl "180+1"]
[Date "2022.02.23"]
[WhiteClock "0:00:08"]
[BlackClock "0:00:02"]

1. d4 d5 2. Bf4 e6 3. e3 c5 4. c3 Qb6 5. Qb3 c4 6. Qc2 Bd6 7. Bg3 Ne7 8. b3 cxb3 9. axb3 Nf5 10. Bxd6 Nxd6 11. Bd3 g6 12. Nd2 Nd7 13. c4 Qc7 14. c5 Nf5 15. Ngf3 Nf6 16. O-O O-O 17. b4 Bd7 18. b5 Rfc8 19. Ra2 b6 20. c6 Be8 21. Bxf5 gxf5 22. Ra6 Nd7 23. Rfa1 Nb8 24. R6a3 a6 25. Ne5 f6 26. Nd3 Qd6 27. Qb2 Ra7 28. Nb4 a5 29. Nd3 Rg7 30. g3 Bh5 31. Nf4 Bf7 32. Nf3 Kh8 33. Nh4 Rcg8 34. Rc3 Bg6 35. Rac1 Rc7 36. Qe2 Rgg7 37. Nh5 Rgf7 38. Qf3 Kg8 39. Nf4 Kg7 40. Nd3 Rf8 41. Qf4 Rd8 42. Qxd6 Rxd6 43. Nf4 Kf7 44. Nf3 Rd8 45. h4 h6 46. h5 Bh7 47. Nh4 Rg8 48. Nhg6 Bxg6 49. Nxg6 Rxg6 50. hxg6+ Kxg6 51. Kg2 Kg7 52. Rh1 Kg6 53. Rh2 1-0


[Site "https://www.chess.com"]

[Event "Titled Tuesday Blitz February 22 Late 2022"]
[White "Goryachkina, Aleksandra"]
[Black "Baker, Chris W"]
[WhiteFideId "4147103"]
[BlackFideId "401676"]
[WhiteElo "2426"]
[BlackElo "2241"]
[Result "0-1"]
[Round "04"]
[TimeControl "180+1"]
[Date "2022.02.23"]
[WhiteClock "0:00:01"]
[BlackClock "0:00:07"]

1. e4 e5 2. Nf3 Nc6 3. d4 exd4 4. Nxd4 Nf6 5. Nxc6 bxc6 6. e5 Qe7 7. Qe2 Nd5 8. g3 d6 9. c4 Nb6 10. Bg2 Bd7 11. O-O Qxe5 12. Qc2 Be7 13. Bf4 Qc5 14. Re1 Qxc4 15. Nc3 Nd5 16. Bg5 Be6 17. Bxd5 cxd5 18. Bxe7 Kxe7 19. Rad1 d4 20. Qe4 c5 21. Qb7+ Kf6 22. Ne4+ Kg6 23. Nxd6 Qd5 24. Qe7 Rad8 25. Ne4 Rhe8 26. Qh4 h6 27. b3 Bf5 28. Nd2 Kh7 29. Qf4 Bc2 30. Rc1 d3 31. Rxe8 Rxe8 32. Rf1 Re2 33. Nc4 d2 34. Ne3 d1=Q 35. Nxd1 Bxd1 0-1


[Site "https://www.chess.com"]

[Event "Titled Tuesday Blitz February 22 Late 2022"]
[White "Gracia Alvarez, Gerardo Antonio"]
[Black "Lock, Gavin R"]
[WhiteFideId "5109124"]
[BlackFideId "408646"]
[WhiteElo "2139"]
[BlackElo "2104"]
[Result "1-0"]
[Round "04"]
[TimeControl "180+1"]
[Date "2022.02.23"]
[WhiteClock "0:00:10"]
[BlackClock "0:00:02"]

1. c4 e6 2. Nf3 d5 3. b3 d4 4. e3 Nc6 5. g3 e5 6. Bg2 Nf6 7. O-O Bc5 8. exd4 Bxd4 9. Nxd4 Qxd4 10. Nc3 Bg4 11. Qc2 O-O 12. Bb2 Qd7 13. Nd5 Nxd5 14. cxd5 Nd4 15. Qe4 f5 16. Qxe5 Ne2+ 17. Kh1 Rae8 18. f4 Rxe5 19. fxe5 f4 20. e6 Qd6 21. Be4 fxg3 22. Kg2 Nf4+ 23. Kg1 gxh2+ 24. Kh1 Bh3 25. Rf2 Ng6 26. Rxh2 Bf5 27. Bf3 Qg3 28. Bg2 1-0


[Site "https://www.chess.com"]

[Event "Titled Tuesday Blitz February 22 Late 2022"]
[White "Hadzovic, Amir"]
[Black "Quirke, Jeffrey"]
[WhiteFideId "14402300"]
[BlackFideId "2013029"]
[WhiteElo "2214"]
[BlackElo "2205"]
[Result "1-0"]
[Round "04"]
[TimeControl "180+1"]
[Date "2022.02.23"]
[WhiteClock "0:00:23"]
[BlackClock "0:00:01"]

1. e4 c5 2. Nc3 a6 3. f4 b5 4. Nf3 Bb7 5. d3 e6 6. Be2 d5 7. O-O b4 8. Na4 dxe4 9. dxe4 Bxe4 10. Qxd8+ Kxd8 11. c3 Nf6 12. Be3 Nbd7 13. Ne5 Ke8 14. Rfd1 Nd5 15. Nxd7 Nxe3 16. Ndb6 Nxd1 17. Nxa8 Ne3 18. Bxa6 Nxg2 19. N8b6 Nxf4 20. Rd1 Be7 21. Bb5+ Kf8 22. Nd7+ Kg8 23. Ndxc5 Bf5 24. Rd7 Bf6 25. cxb4 h5 26. Bc6 g5 27. b5 g4 28. b6 h4 29. b7 Kg7 30. Nb6 g3 31. Be4 Bxe4 32. Nxe4 h3 33. Nxg3 Rb8 34. a4 Nd5 35. Nxd5 exd5 36. Nf5+ Kg6 37. Nd6 Bd4+ 38. Kf1 Rg8 39. Nc8 Kh6 40. b8=Q Rg1+ 41. Ke2 Rg2+ 42. Kd3 1-0


[Site "https://www.chess.com"]

[Event "Titled Tuesday Blitz February 22 Late 2022"]
[White "Hakemi, Arman"]
[Black "volunteers1998"]
[WhiteFideId "22520805"]
[WhiteElo "2208"]
[BlackElo "2271"]
[Result "1-0"]
[Round "04"]
[TimeControl "180+1"]
[Date "2022.02.23"]
[WhiteClock "0:00:19"]
[BlackClock "0:00:07"]

1. e4 c5 2. Nf3 Nc6 3. Bb5 d6 4. O-O Bd7 5. Re1 Nf6 6. c3 g6 7. h3 Bg7 8. d4 cxd4 9. cxd4 a6 10. Bf1 O-O 11. Nc3 Rc8 12. Bg5 b5 13. e5 dxe5 14. dxe5 Ne8 15. Qd2 Nc7 16. Rad1 Bf5 17. Qf4 Qe8 18. Qh4 Rd8 19. Bh6 Rxd1 20. Rxd1 Ne6 21. Rd2 Qb8 22. g4 b4 23. gxf5 bxc3 24. bxc3 gxf5 25. Bxg7 Kxg7 26. Rd5 Rg8 27. Kh1 Kf8 28. Qh6+ Ke8 29. Qxh7 Rf8 30. Qxf5 Qb2 31. Rd2 Qxc3 32. Rc2 Qa1 33. Qd3 Rh8 34. Rxc6 Kf8 35. Rc8+ Kg7 36. Rxh8 Kxh8 37. Kg1 Qxa2 38. Qxa6 Qd5 39. Qd3 Qxd3 40. Bxd3 Nf4 41. Bf1 f6 42. exf6 exf6 43. Kh2 Kg7 44. Kg3 Nd5 45. Kg4 Kg6 46. Nh4+ Kh6 47. Nf5+ Kg6 48. Ne3 Ne7 49. Bd3+ Kh6 50. h4 Nc6 51. Nf5+ 1-0


[Site "https://www.chess.com"]

[Event "Titled Tuesday Blitz February 22 Late 2022"]
[White "Holt, Conrad"]
[Black "Sarana, Alexey"]
[WhiteFideId "2034387"]
[BlackFideId "24133795"]
[WhiteElo "2586"]
[BlackElo "2665"]
[Result "0-1"]
[Round "04"]
[TimeControl "180+1"]
[Date "2022.02.22"]
[WhiteClock "0:00:02"]
[BlackClock "0:00:04"]

1. d4 Nf6 2. c4 e6 3. Nc3 Bb4 4. Qc2 d5 5. cxd5 exd5 6. Bg5 h6 7. Bxf6 Qxf6 8. a3 Bxc3+ 9. Qxc3 c6 10. e3 O-O 11. Ne2 Bf5 12. Ng3 Nd7 13. Nxf5 Qxf5 14. Bd3 Qe6 15. O-O a5 16. b4 axb4 17. axb4 b5 18. Rxa8 Rxa8 19. Rc1 Nb6 20. g3 Nc4 21. Ra1 Qe8 22. Rxa8 Qxa8 23. e4 Qa4 24. Qe1 Qb3 25. Bf1 Kf8 26. exd5 cxd5 27. Bg2 Nd6 28. Qa1 Qa4 29. Qb1 Qa8 30. h4 Qc6 31. Qa1 g6 32. Qa7 Ne4 33. Qb8+ Kg7 34. Qe5+ Nf6 35. g4 Kg8 36. Bf3 Ne4 37. Kg2 Nc3 38. g5 hxg5 39. Qxg5 Qd6 40. h5 Kg7 41. Qe3 Qxb4 42. Qe5+ Kh7 43. hxg6+ fxg6 44. Qc7+ Kh6 45. Qh2+ Kg7 46. Qc7+ Kf8 47. Qd8+ Kf7 48. Bxd5+ Nxd5 49. Qxd5+ Kg7 50. Qe5+ Kh7 51. Qc7+ Kh6 52. d5 Qe4+ 53. Kg1 Qxd5 54. Qh2+ Qh5 55. Qb8 Qg5+ 56. Kf1 Qd5 57. Qh8+ Kg5 58. Qb2 Kf5 59. Qb1+ Kf6 60. Qb2+ Kf7 61. Qb1 g5 0-1


[Site "https://www.chess.com"]

[Event "Titled Tuesday Blitz February 22 Late 2022"]
[White "Horak, Martin"]
[Black "Riehle, Marco"]
[WhiteFideId "367095"]
[BlackFideId "12904392"]
[WhiteElo "1997"]
[BlackElo "2462"]
[Result "1-0"]
[Round "04"]
[TimeControl "180+1"]
[Date "2022.02.23"]
[WhiteClock "0:00:55"]
[BlackClock "0:01:06"]

1. d4 e6 2. c4 d5 3. Nf3 Nf6 4. g3 dxc4 5. Bg2 c5 6. O-O Nc6 7. dxc5 Qxd1 8. Rxd1 Bxc5 9. Nbd2 c3 10. bxc3 Bd7 11. Nb3 Be7 12. c4 O-O-O 13. Bb2 Kb8 14. Ne5 Nxe5 15. Bxe5+ Kc8 16. Na5 Bc6 17. Nxc6 bxc6 18. Bxc6 Bc5 19. Rab1 Rxd1+ 20. Rxd1 Bxf2+ 21. Kg2 Bc5 22. h3 Rd8 23. Bb7+ Kxb7 24. Rxd8 Ne4 25. Rd7+ Kc6 26. Rxf7 Nd2 27. Rc7+ Kb6 28. Rxg7 Nxc4 29. Bc7+ Kc6 30. Rxh7 Ne3+ 31. Kf3 Nd5 32. Be5 Nb4 33. h4 Nxa2 34. h5 Kd5 35. Bf6 Nc1 36. h6 Nb3 37. Rd7+ Kc6 38. Rd1 1-0


[Site "https://www.chess.com"]

[Event "Titled Tuesday Blitz February 22 Late 2022"]
[White "Ibarra Jerez, Jose Carlos"]
[Black "Paravyan, David"]
[WhiteFideId "2226332"]
[BlackFideId "4194985"]
[WhiteElo "2626"]
[BlackElo "2569"]
[Result "0-1"]
[Round "04"]
[TimeControl "180+1"]
[Date "2022.02.22"]
[WhiteClock "0:00:02"]
[BlackClock "0:00:58"]

1. e4 e5 2. Nf3 Nf6 3. Nxe5 d6 4. Nc4 Nxe4 5. Qe2 Qe7 6. Ne3 Nc6 7. Nd5 Qe5 8. Nbc3 Bf5 9. Nxe4 Bxe4 10. Nxc7+ Kd8 11. Nxa8 Nd4 12. f4 Qe6 13. Qf2 Bxg2+ 14. Be2 Qxe2+ 15. Qxe2 Nxe2 16. Rf1 Bxf1 17. Kxf1 Nxc1 18. Rxc1 Be7 19. Re1 Bh4 20. Re4 Kd7 21. Rb4 Rxa8 22. Rxb7+ Ke6 23. Kg2 g6 24. Kf3 a5 25. d4 h5 26. c4 Bf6 27. d5+ Kf5 28. b3 a4 29. Rxf7 axb3 30. axb3 Rb8 31. Rd7 Rxb3+ 32. Ke2 Rb6 33. Kd3 h4 34. Rc7 Ra6 35. Kc2 h3 36. Kb3 Rb6+ 37. Ka3 Bd4 38. Rd7 Bc5+ 39. Ka4 Rb2 40. Rh7 Rxh2 41. Kb5 Kxf4 42. Kc6 g5 43. Rf7+ Kg3 44. Rb7 g4 45. Rb3+ Kh4 46. Kb5 Rf2 47. Ka4 h2 48. Rb1 Rg2 49. Rb2 Rxb2 0-1


[Site "https://www.chess.com"]

[Event "Titled Tuesday Blitz February 22 Late 2022"]
[White "Iskusnyh, Sergei"]
[Black "Golubenko, Valentina"]
[WhiteFideId "4120027"]
[BlackFideId "4501993"]
[WhiteElo "2492"]
[BlackElo "2164"]
[Result "1-0"]
[Round "04"]
[TimeControl "180+1"]
[Date "2022.02.23"]
[WhiteClock "0:00:24"]
[BlackClock "0:00:09"]

1. d4 Nf6 2. c4 c5 3. d5 d6 4. Nc3 g6 5. Nf3 e6 6. e4 exd5 7. cxd5 Bg7 8. Nd2 O-O 9. Be2 a6 10. a4 Re8 11. O-O Nbd7 12. Ra3 b6 13. Re1 Rb8 14. Bf1 Qc7 15. Qc2 Nf8 16. h3 Bd7 17. Bxa6 Nh5 18. Nc4 f5 19. Nb5 Bxb5 20. Bxb5 Re7 21. Bd2 f4 22. Bc3 Nd7 23. Bxg7 Nxg7 24. Bxd7 Qxd7 25. Rd3 Nf5 26. Qd2 Nd4 27. Qxf4 b5 28. axb5 Rxb5 29. Qxd6 Qxd6 30. Nxd6 Rxb2 31. e5 Ne2+ 32. Kh2 Rxe5 33. Nc4 Rb7 34. Nxe5 1-0


[Site "https://www.chess.com"]

[Event "Titled Tuesday Blitz February 22 Late 2022"]
[White "Jaferian, Koosha"]
[Black "Tari, Aryan"]
[WhiteFideId "12507440"]
[BlackFideId "1510045"]
[WhiteElo "2027"]
[BlackElo "2567"]
[Result "0-1"]
[Round "04"]
[TimeControl "180+1"]
[Date "2022.02.22"]
[WhiteClock "0:00:06"]
[BlackClock "0:00:10"]

1. Nf3 c5 2. b3 d6 3. d4 cxd4 4. Nxd4 Nf6 5. Bb2 g6 6. g3 Bg7 7. Bg2 O-O 8. c4 d5 9. cxd5 Nxd5 10. O-O Nb4 11. a3 N4c6 12. Nxc6 Nxc6 13. Bxg7 Kxg7 14. Nc3 Be6 15. b4 Rc8 16. Rc1 a6 17. Ne4 Qxd1 18. Rfxd1 b6 19. Ng5 Bb3 20. Rd3 Ba4 21. Rdc3 Na7 22. Rxc8 Rxc8 23. Rxc8 Nxc8 24. Bb7 Nd6 25. Bxa6 b5 26. e4 Nc4 27. Nf3 Nxa3 28. Nd4 e5 29. Nc6 f6 30. Na7 Kf7 31. Bb7 Ke6 32. Bd5+ Kd6 33. Nc8+ Kc7 34. Ne7 Nc2 35. Bg8 Nxb4 36. Bxh7 Kd6 37. Nxg6 Bb3 38. h4 Nc6 39. h5 b4 40. h6 Bc4 41. Nh4 b3 42. Nf5+ Kc5 43. Ne3 b2 44. Nxc4 b1=Q+ 45. Kg2 Qb8 46. Ne3 Ne7 47. Bf5 Qh8 48. h7 Nxf5 49. Nxf5 Qxh7 50. Kf3 Qh5+ 51. Kg2 Qe2 52. Ne3 Kd4 53. Nf5+ Kxe4 54. Nh4 Qa2 55. Kg1 f5 56. Kg2 f4 57. gxf4 exf4 58. Nf3 Qa8 59. Nh4 Kd3+ 60. Kh3 Ke2 61. Kg4 f3 0-1


[Site "https://www.chess.com"]

[Event "Titled Tuesday Blitz February 22 Late 2022"]
[White "Janaszak, Dawid"]
[Black "Kosakowski, Jakub"]
[WhiteFideId "1119206"]
[BlackFideId "1185080"]
[WhiteElo "2199"]
[BlackElo "2476"]
[Result "0-1"]
[Round "04"]
[TimeControl "180+1"]
[Date "2022.02.22"]
[WhiteClock "0:00:15"]
[BlackClock "0:00:53"]

1. e4 c5 2. Nc3 e6 3. Nge2 Nc6 4. g3 a6 5. d4 cxd4 6. Nxd4 Qc7 7. Bg2 Nf6 8. O-O Nxd4 9. Qxd4 Bc5 10. Bf4 d6 11. Qd2 e5 12. Bg5 Be6 13. Bxf6 gxf6 14. Nd5 Bxd5 15. Qxd5 O-O 16. Kh1 Qb6 17. Rab1 Bxf2 18. Qd2 Be3 19. Qe2 Bg5 20. h4 Bh6 21. Rxf6 Bg7 22. Rf5 Rac8 23. Bh3 Rc7 24. c4 Qb4 25. b3 b5 26. Qh5 h6 27. Rbf1 bxc4 28. Rxf7 Rfxf7 29. Be6 Qb7 30. Bd5 Qxd5 31. exd5 Rxf1+ 32. Kg2 c3 33. Qe8+ Kh7 34. h5 c2 35. Qg6+ Kh8 36. Qe8+ Rf8 0-1


[Site "https://www.chess.com"]

[Event "Titled Tuesday Blitz February 22 Late 2022"]
[White "Jaracz, Pawel"]
[Black "Al Hosani, Omran"]
[WhiteFideId "1102222"]
[BlackFideId "9308733"]
[WhiteElo "2429"]
[BlackElo "2246"]
[Result "1/2-1/2"]
[Round "04"]
[TimeControl "180+1"]
[Date "2022.02.23"]
[WhiteClock "0:00:06"]
[BlackClock "0:00:07"]

1. d4 Nf6 2. c4 g6 3. g3 d5 4. Nf3 Bg7 5. Bg2 O-O 6. O-O dxc4 7. Na3 c3 8. bxc3 c5 9. Nc4 cxd4 10. cxd4 Nc6 11. Ba3 Be6 12. Rc1 Rc8 13. Nce5 Bd5 14. Nxc6 Bxc6 15. e3 Qa5 16. Bxe7 Rfe8 17. Bxf6 Bxf6 18. Qd2 Qa6 19. h4 Bd5 20. Ng5 Qxa2 21. Qxa2 Bxa2 22. Bxb7 Rb8 23. Rc7 a5 24. Rfc1 a4 25. Bc6 Rec8 26. Bxa4 Rxc7 27. Rxc7 Bd5 28. e4 Bxg5 29. exd5 Bf6 30. d6 Rb4 31. Be8 Rxd4 32. Bxf7+ Kf8 33. Bc4 Rxd6 34. Rxh7 Rc6 35. Bd5 Rd6 36. Be4 Bd4 37. Kg2 Rf6 38. f4 Kg8 39. Rd7 Bc3 40. Kf3 Rb6 41. Kg4 Kf8 42. Kg5 Bf6+ 43. Kxg6 Bxh4+ 44. Kf5 Bxg3 45. Bd5 Ke8 46. Rg7 Bh4 47. Be6 Rb5+ 48. Kg6 Kd8 49. f5 Rb1 50. Rd7+ Ke8 51. Rd4 Rg1+ 52. Kh5 Bf6 53. Ra4 Rh1+ 54. Kg6 Bd8 55. f6 Rg1+ 56. Bg4 Bxf6 57. Kxf6 Kd8 58. Ke5 Kc7 59. Be6 Kb6 60. Re4 Rg5+ 61. Bf5 Rg1 62. Re2 Kc5 63. Rc2+ Kb4 64. Be4 Re1 65. Rc7 Kb5 66. Kd6 Rxe4 67. Kd5 Re1 68. Rb7+ Ka6 69. Rb3 Rd1+ 70. Kc4 Rc1+ 71. Rc3 Rxc3+ 72. Kxc3 1/2-1/2


[Site "https://www.chess.com"]

[Event "Titled Tuesday Blitz February 22 Late 2022"]
[White "Jarocka, Liwia"]
[Black "Yuan, Qingyu"]
[WhiteFideId "21807558"]
[BlackFideId "8609772"]
[WhiteElo "1896"]
[BlackElo "2359"]
[Result "0-1"]
[Round "04"]
[TimeControl "180+1"]
[Date "2022.02.23"]
[WhiteClock "0:00:06"]
[BlackClock "0:00:04"]

1. e4 c6 2. d4 d5 3. e5 c5 4. dxc5 e6 5. Nf3 Bxc5 6. Bd3 f6 7. exf6 Nxf6 8. O-O O-O 9. b3 Nc6 10. Bb2 Bd6 11. c4 Kh8 12. Nc3 d4 13. Ne2 e5 14. Ng3 Bg4 15. h3 Bxf3 16. Qxf3 Nb4 17. Bb1 Qc7 18. Ne4 Rae8 19. Nxf6 Rxf6 20. Qe4 g6 21. Bc1 Kg7 22. Bd2 Qc6 23. Bxb4 Bxb4 24. Qxc6 Rxc6 25. Be4 Rc7 26. Rad1 b6 27. a4 Rf8 28. g3 a5 29. Kg2 Rcf7 30. f3 Bc5 31. Rd3 Rf6 32. Bd5 Re8 33. Be4 Kf7 34. Re1 Re7 35. Re2 Ke8 36. Rd1 Kd7 37. Rde1 Bb4 38. Rd1 Kd6 39. Bd5 Kc7 40. Be4 Rd6 41. h4 Rf6 42. Bd5 Kd6 43. Rd3 Bc3 44. Rd1 Rf8 45. Be4 Kc5 46. Bc2 Rfe8 47. h5 gxh5 48. Rh1 Kb4 49. Rxh5 Rg8 50. g4 Ka3 51. Bxh7 Rd8 52. Bd3 Kxb3 53. Rexe5 Rxe5 54. Rxe5 Bb4 55. Rb5 Kc3 56. Bf1 d3 57. Rxb6 d2 58. Be2 Re8 59. Kf2 Bc5+ 0-1


[Site "https://www.chess.com"]